 Dungeon Crawl Stone Soup version 0.24.0-13-gcf9b319 (webtiles) character file.

Game seed: 2779106005789325051, levelgen mode: deterministic

2603 silentkaos13 the Reanimator (level 9, -1/59 HPs)
             Began as a Gnoll Necromancer on Nov 30, 2019.
             Was a Follower of Ashenzari.
             Slain by a river rat (5 damage)
             ... on level 7 of the Dungeon.
             The game lasted 00:19:15 (7672 turns).

silentkaos13 the Reanimator (Gnoll Necromancer)     Turns: 7672, Time: 00:19:15

Health: -1/59      AC:  4    Str: 11    XL:     9   Next: 59%
Magic:  19/19      EV: 15    Int: 21    God:    Ashenzari [*.....]
Gold:   423        SH:  0    Dex: 15    Spells: 7/21 levels left

rFire    . . .     SeeInvis .   y - +1 rapier (venom)
rCold    . . .     Gourm    .   (no shield)
rNeg     . . .     Faith    .   a - +0 robe
rPois    .         Spirit   .   u - +1 helmet
rElec    .         Reflect  .   (no cloak)
rCorr    .         Harm     .   (no gloves)
MR       .....                  (no boots)
Stlth    ++++......             t - amulet of the acrobat (curse)
HPRegen  0.19/turn              p - ring of stealth (curse)
MPRegen  0.16/turn              (no ring)

@: drained
A: distributed training, fangs 1, frail 1, sense surroundings 1, strong nose
a: Curse Item, Scrying, Renounce Religion


You were on level 7 of the Dungeon.
You worshipped Ashenzari.
Ashenzari was aware of your devotion.
You were not hungry.

You visited 1 branch of the dungeon, and saw 7 of its levels.

You collected 423 gold pieces.

Inventory:

Hand Weapons
 g - a +0 whip of electrocution
 y - a +1 rapier of venom (weapon)
Missiles
 F - a throwing net (quivered)
Armour
 a - a +0 robe (worn)
 u - a +1 helmet (worn)
Jewellery
 p - a cursed ring of stealth (left hand)
 t - a cursed amulet of the acrobat (around neck)
 z - a cursed +2 ring of evasion
Wands
 C - a wand of disintegration (10)
 E - a wand of scattershot (5)
Scrolls
 b - 7 scrolls of amnesia
 c - 2 scrolls of enchant armour {unknown}
 e - 7 scrolls of identify
 f - a scroll of remove curse
 l - 5 scrolls of teleportation {unknown}
 n - a scroll of immolation {unknown}
 o - 4 scrolls of enchant weapon {unknown}
 q - 2 scrolls of fear {unknown}
 s - a scroll of random uselessness {unknown}
 v - a scroll of noise {unknown}
Potions
 d - a potion of cancellation {unknown}
 h - 2 potions of brilliance
 i - a potion of haste {unknown}
 j - 2 potions of invisibility {unknown}
 m - a potion of ambrosia {unknown}
 r - a potion of curing
 w - a potion of heal wounds {unknown}
 x - a potion of mutation
 A - 2 potions of might {unknown}
 D - a potion of magic {unknown}
Comestibles
 k - 5 rations


   Skills:
 + Level 4.3(3.6) Fighting
 + Level 4.3(3.6) Short Blades
 + Level 4.3(3.6) Long Blades
 + Level 4.3(3.6) Axes
 + Level 4.3(3.6) Maces & Flails
 + Level 4.3(3.6) Polearms
 + Level 4.3(3.6) Staves
 + Level 4.3(3.6) Slings
 + Level 4.3(3.6) Bows
 + Level 4.3(3.6) Crossbows
 + Level 4.3(3.6) Throwing
 + Level 4.3(3.6) Armour
 + Level 6.3(5.6) Dodging
 + Level 6.1(5.3) Stealth
 + Level 4.3(3.6) Shields
 + Level 4.3(3.6) Unarmed Combat
 + Level 6.7(5.9) Spellcasting
 + Level 3.5(2.8) Conjurations
 + Level 3.5(2.8) Hexes
 + Level 3.5(2.8) Charms
 + Level 3.5(2.8) Summonings
 + Level 8.0(7.2) Necromancy
 + Level 3.5(2.8) Translocations
 + Level 3.5(2.8) Transmutations
 + Level 3.5(2.8) Fire Magic
 + Level 3.5(2.8) Ice Magic
 + Level 3.5(2.8) Air Magic
 + Level 3.5(2.8) Earth Magic
 + Level 3.5(2.8) Poison Magic
 + Level 4.7(4.0) Invocations
 + Level 4.3(3.6) Evocations


You had 7 spell levels left.
You knew the following spells:

 Your Spells              Type           Power        Failure   Level  Hunger
a - Pain                  Necr           ####         1%          1    None
b - Vampiric Draining     Necr           #####.....   1%          3    ##.....
c - Regeneration          Chrm/Necr      ####......   3%          3    ##.....
d - Animate Dead          Necr           N/A          4%          4    ####...
e - Spectral Weapon       Hex/Chrm       ###.....     9%          3    ##.....

Your spell library contained the following spells:

 Spells                   Type           Power        Failure   Level  Hunger
 Animate Skeleton         Necr           N/A          1%          1    None
 Infusion                 Chrm           ###.         3%          1    None
 Shroud of Golubria       Chrm/Tloc      ###...       4%          2    None
 Song of Slaying          Chrm           ###.....     4%          2    None


Dungeon Overview and Level Annotations

Branches:
Dungeon (7/15)             Temple (0/1) D:6

Altars:
Ashenzari
Dithmenos
Gozag
Makhleb
Nemelex Xobeh
Okawaru
Qazlal
Trog
Uskayaw
Xom
Zin

Shops:
D:6 :


Innate Abilities, Weirdness & Mutations

Your experience applies equally to all skills.
You have very sharp teeth.
Your uncanny sense of smell can sniff out nearby items.
You are frail. (-10% HP)
You passively map a small area around you.


Message History

The hell rat barely misses you.
You barely miss the river rat.
The river rat is severely wounded.
You kill the river rat!
The hell rat bites you!
You hit the rat.
You kill the rat!
The hell rat barely misses you.
You hit the river rat but do no damage.
The river rat is poisoned.
The river rat is moderately wounded.
The hell rat completely misses you. The river rat misses you.
You hit the river rat.
The river rat looks as sick as possible!
The river rat is heavily wounded.
The hell rat bites you!
* * * LOW HITPOINT WARNING * * *
You feel drained.
* * * LOW HITPOINT WARNING * * *
The river rat bites you.
You die...

**, , #########
,,*###.#...#.#### **
##..#.###.#.†.##
##†############.##
###.##......######.#
,##..##[...#....##..##
#.###*.....#..##.###
##.##* #.....rr##.##
#.#.#######.#.#@##.#
####..##†..#..r##.## ,
###.......###..# * ,
###########..# , , ,
......##.##### ,,
,...........#.# .... ,
...........>.### ....#,*
##.........##..#
.....####.............##


You could see a hell rat, a river rat and a rat.

Vanquished Creatures
  6 humans (D:6)
  An orc warrior (D:6)
  A phantom (D:5)
  3 ogres
  2 bullfrogs (D:6)
  2 gnoll sergeants (D:6)
  2 scorpions
  2 crimson imps
  3 gnoll shamans (D:6)
  6 hounds
  3 jellies
  An orc wizard (D:5)
  2 orc priests
  Jessica (D:3)
  3 worker ants
  Robin (D:3)
  14 gnolls
  5 adders
  5 river rats (D:7)
  4 oozes
  An adder zombie (D:5)
  An adder skeleton (D:6)
  2 worms
  2 dart slugs
  3 leopard geckos
  11 orcs
  6 bats
  A giant cockroach (D:3)
  16 hobgoblins
  16 jackals
  2 quokkas
  3 ball pythons
  4 frilled lizards
  14 goblins
  A jackal skeleton (D:5)
  10 kobolds
  A leopard gecko skeleton (D:5)
  22 rats
183 creatures vanquished.

Notes
Turn   | Place    | Note
-------+----------+-------------------------------------------
     0 | D:1      | silentkaos13 the Gnoll Necromancer began the quest for the
                  | Orb.
     0 | D:1      | Reached XP level 1. HP: 13/13 MP: 6/6
   537 | D:1      | Reached XP level 2. HP: 18/19 MP: 4/7
   886 | D:1      | Reached XP level 3. HP: 12/25 MP: 1/9
   911 | D:1      | Reached skill level 5 in Spellcasting
  1149 | D:1      | Learned a level 3 spell: Vampiric Draining
  1741 | D:2      | Reached skill level 1 in Invocations
  1874 | D:2      | Found a faded altar of an unknown god.
  2283 | D:2      | Found a sparkling altar of Nemelex Xobeh.
  2467 | D:3      | Noticed a scorpion
  2473 | D:3      | Killed a scorpion
  2473 | D:3      | Reached skill level 1 in Fighting
  2473 | D:3      | Reached skill level 1 in Short Blades
  2473 | D:3      | Reached skill level 1 in Long Blades
  2473 | D:3      | Reached skill level 1 in Axes
  2473 | D:3      | Reached skill level 1 in Maces & Flails
  2473 | D:3      | Reached skill level 1 in Polearms
  2473 | D:3      | Reached skill level 1 in Staves
  2473 | D:3      | Reached skill level 1 in Slings
  2473 | D:3      | Reached skill level 1 in Bows
  2473 | D:3      | Reached skill level 1 in Crossbows
  2473 | D:3      | Reached skill level 1 in Throwing
  2473 | D:3      | Reached skill level 1 in Armour
  2473 | D:3      | Reached skill level 1 in Shields
  2473 | D:3      | Reached skill level 1 in Unarmed Combat
  2473 | D:3      | Reached skill level 1 in Conjurations
  2473 | D:3      | Reached skill level 1 in Hexes
  2473 | D:3      | Reached skill level 1 in Charms
  2473 | D:3      | Reached skill level 1 in Summonings
  2473 | D:3      | Reached skill level 1 in Translocations
  2473 | D:3      | Reached skill level 1 in Transmutations
  2473 | D:3      | Reached skill level 1 in Fire Magic
  2473 | D:3      | Reached skill level 1 in Ice Magic
  2473 | D:3      | Reached skill level 1 in Air Magic
  2473 | D:3      | Reached skill level 1 in Earth Magic
  2473 | D:3      | Reached skill level 1 in Poison Magic
  2473 | D:3      | Reached skill level 1 in Evocations
  2473 | D:3      | Reached XP level 4. HP: 28/32 MP: 4/11
  2478 | D:3      | Learned a level 3 spell: Regeneration
  2483 | D:3      | Learned a level 4 spell: Animate Dead
  2530 | D:3      | Found a stormy altar of Qazlal.
  2647 | D:3      | Noticed Robin
  2655 | D:3      | Reached XP level 5. HP: 25/37 MP: 2/12
  2684 | D:3      | Killed Robin
  2686 | D:3      | Found a shattered altar of Ashenzari.
  2920 | D:3      | Became a worshipper of Ashenzari the Shackled
  3080 | D:3      | Found a shadowy altar of Dithmenos.
  3238 | D:3      | Noticed Jessica
  3248 | D:3      | Killed Jessica
  3875 | D:4      | Reached XP level 6. HP: 29/44 MP: 13/13
  4095 | D:4      | Reached skill level 5 in Dodging
  4189 | D:4      | Found a shimmering altar of Xom.
  4294 | D:4      | Reached XP level 7. HP: 37/50 MP: 15/15
  4884 | D:5      | Entered Level 5 of the Dungeon
  5097 | D:5      | Found an iron altar of Okawaru.
  5188 | D:5      | Reached skill level 5 in Stealth
  5207 | D:5      | Found a burning altar of Makhleb.
  5210 | D:5      | Found a glowing silver altar of Zin.
  5213 | D:5      | Found a bloodstained altar of Trog.
  5473 | D:5      | Reached XP level 8. HP: 43/57 MP: 16/16
  5596 | D:5      | Reached * piety under Ashenzari
  6387 | D:6      | Found a hide-covered altar of Uskayaw.
  6446 | D:6      | Found an opulent altar of Gozag.
  6486 | D:6      | Reached XP level 9. HP: 43/65 MP: 4/18
  6500 | D:6      | Gained mutation: You are surrounded by a mild repulsion
                  | field. (EV +2) [potion of mutation]
  6500 | D:6      | Gained mutation: You occasionally shout uncontrollably at
                  | your foes. [potion of mutation]
  6500 | D:6      | Gained mutation: Your spells are a little easier to cast,
                  | but a little less powerful. [potion of mutation]
  6500 | D:6      | Gained mutation: You evolve. [potion of mutation]
  6752 | D:6      | Found a staircase to the Ecumenical Temple.
  6814 | D:6      | Found Borphun's Book Shoppe.
  6828 | D:6      | Learned a level 3 spell: Spectral Weapon
  7031 | D:6      | Reached skill level 8 in Necromancy
  7551 | D:7      | Lost mutation: You evolve. [potion of mutation]
  7551 | D:7      | Lost mutation: You occasionally shout uncontrollably at
                  | your foes. [potion of mutation]
  7551 | D:7      | Lost mutation: You are surrounded by a mild repulsion
                  | field. (EV +2) [potion of mutation]
  7551 | D:7      | Gained mutation: You are frail. (-10% HP) [potion of
                  | mutation]
  7551 | D:7      | Lost mutation: Your spells are a little easier to cast, but
                  | a little less powerful. [potion of mutation]
  7551 | D:7      | Gained mutation: You passively map a small area around you.
                  | [potion of mutation]
  7647 | D:7      | Found the +2 ratskin cloak {+Rats rPois rN+ Str-1 Int-1
                  | Dex+1}
  7672 | D:7      | Slain by a river rat

Levels and vault maps discovered:
D:1:      dpeg_arrival_oval, layout_loops_corners
D:2:      layout_basic, nemelex_xobeh_ov_fountains_minmay,
          chequers_ecumenical_altar_simple, first_ration
D:3:      layout_loops_ring, nicolae_qazlal_eye_of_the_storm,
          cheibrodos_ashenzari_chains, nicolae_dithmenos_shadow_blocks,
          minmay_puff, uniq_robin, uniq_jessica
D:4:      layout_layer_cave, kennysheep_mini_moat, minivault_11, st_stairs_7,
          minmay_fractal_squares_gapless_5
D:5:      layout_rooms, okawaru_altar_gauntlet_db, grunt_temple_overflow_diamond
D:6:      layout_cave_pools, nicolae_overflow_crystal_walls,
          eat_drink_and_be_merry_uskayaw, minmay_temple_entry_drinking_statues,
          serial_shops, shop, serial_gnoll_camp, gnoll_camp_mini_loothouse,
          gnoll_camp_huts_basic, gnoll_camp_mini_hut, gnoll_camp_mini_basic,
          minmay_ruffians
D:7:      wander_guarded_unrand_ratskin, layout_cave_pools, lemuel_round_altar,
          kennysheep_mini, serial_shops, shop_fountains,
          gammafunk_ghost_berserking_beasts, basic_altar, uniq_duvessa

Skill      XL: |  1  2  3  4  5  6  7  8  9 |
---------------+----------------------------+-----
Spellcasting   | 5 6 |  6.7
Invocations    | 1 2 3 4 |  4.7
Fighting       | 1 2 3 4 |  4.3
Short Blades   | 1 2 3 4 |  4.3
Long Blades    | 1 2 3 4 |  4.3
Axes           | 1 2 3 4 |  4.3
Maces & Flails | 1 2 3 4 |  4.3
Polearms       | 1 2 3 4 |  4.3
Staves         | 1 2 3 4 |  4.3
Slings         | 1 2 3 4 |  4.3
Bows           | 1 2 3 4 |  4.3
Crossbows      | 1 2 3 4 |  4.3
Throwing       | 1 2 3 4 |  4.3
Armour         | 1 2 3 4 |  4.3
Shields        | 1 2 3 4 |  4.3
Unarmed Combat | 1 2 3 4 |  4.3
Conjurations   | 1 2 3 |  3.5
Hexes          | 1 2 3 |  3.5
Charms         | 1 2 3 |  3.5
Summonings     | 1 2 3 |  3.5
Translocations | 1 2 3 |  3.5
Transmutations | 1 2 3 |  3.5
Fire Magic     | 1 2 3 |  3.5
Ice Magic      | 1 2 3 |  3.5
Air Magic      | 1 2 3 |  3.5
Earth Magic    | 1 2 3 |  3.5
Poison Magic   | 1 2 3 |  3.5
Evocations     | 1 2 3 4 |  4.3
Dodging        | 5 6 |  6.3
Stealth        | 5 6 |  6.1
Necromancy     | 8 |  8.0

Action                   |  1- 3 |  4- 6 |  7- 9 || total
-------------------------+-------+-------+-------++-------
Melee: Unarmed           |    39 |       |       ||    39
       Bite              |     4 |     9 |    34 ||    47
       Whip              |    37 |   128 |       ||   165
       Punch             |       |     1 |     7 ||     8
       Rapier            |       |     9 |   315 ||   324
 Cast: Pain              |    38 |     6 |    27 ||    71
       Vampiric Draining |     1 |     7 |    22 ||    30
       Regeneration      |       |     1 |     8 ||     9
       Animate Dead      |       |       |     2 ||     2
       Spectral Weapon   |       |       |     1 ||     1
Invok: Curse Item        |       |       |     3 ||     3
  Use: Scroll            |       |       |     2 ||     2
       Potion            |       |       |     4 ||     4
 Stab: Sleeping          |     9 |     9 |    13 ||    31
       Distracted        |       |       |     1 ||     1
  Eat: Chunk             |     1 |     3 |     4 ||     8
       Ration            |     1 |     1 |     3 ||     5
Armor: Robe              |    12 |    13 |    33 ||    58
Dodge: Dodged            |    62 |   105 |   301 ||   468
